 Dungeon Crawl Stone Soup version 0.28.0 (webtiles) character file.

Game seed: 18269570320840375477

4 croobank the Vandal (level 1, 0/11 HPs)
             Began as a Vine Stalker Hunter on Feb 4, 2022.
             Slain by a ball python (1 damage)
             ... on level 1 of the Dungeon.
             The game lasted 00:01:59 (140 turns).

croobank the Vandal (Vine Stalker Hunter)            Turns: 140, Time: 00:02:00

Health: 0/11       AC:  3    Str: 14    XL:     1   Next: 70%
Magic:  0/2        EV:  8    Int: 11    God:
Gold:   23         SH:  0    Dex: 14    Spells: 0/0 levels left

rFire   . . .      SeeInvis .   b - +0 short sword
rCold   . . .      Faith    .   (no shield)
rNeg    . . .      Spirit   +   c - +0 leather armour
rPois   .          Reflect  .   (no helmet)
rElec   .          Harm     .   (no cloak)
rCorr   .          Rampage  .   (no gloves)
Will    .....                   (no boots)
Stlth   ++........              (no amulet)
HPRegen 0.03/turn               (no ring)
MPRegen 0.08/turn               (no ring)

@: constricted
A: fangs 2, magic shield, antimagic bite, no potion heal 2
a: no special abilities


You were on level 1 of the Dungeon.
You visited 1 branch of the dungeon, and saw 1 of its levels.

You collected 23 gold pieces.

Inventory:

Hand Weapons
 a - a +1 hunting sling
 b - a +0 short sword (weapon)
Missiles
 d - 20 sling bullets
 e - 32 stones
Armour
 c - a +0 leather armour (worn)


   Skills:
 + Level 1.8 Fighting
 + Level 3.8 Slings
 + Level 1.5 Dodging
 + Level 1.2 Stealth


You couldn't memorise any spells.
You didn't know any spells.
Your spell library was empty.

Dungeon Overview and Level Annotations

Branches:
Dungeon (1/15)

Altars:


Innate Abilities, Weirdness & Mutations

You have extremely sharp teeth.
When hurt, damage is shared between your health and your magic reserves.
Your bite disrupts and absorbs the magic of your enemies.
Potions cannot restore your health.


Message History

You bite the ball python. You drain its power.
You feel invigorated.
The ball python is severely wounded.
The ball python bites you but does no damage.
The ball python constricts you.
You closely miss the ball python.
The ball python is severely wounded.
The ball python closely misses you. The ball python constricts you.
The ball python bites you but does no damage.
The ball python constricts you.
You hit the ball python.
You kill the ball python!
The ball python bites you.
* * * LOW HITPOINT WARNING * * *
The ball python grabs you. The ball python constricts you.
* * * LOW HITPOINT WARNING * * *
The ball python's grasp on you weakens, but your attempt to escape fails.
The ball python bites you but does no damage.
The ball python constricts you.
* * * LOW HITPOINT WARNING * * *
The ball python bites you but does no damage.
The ball python constricts you.
You escape the ball python's grasp.
You see here a ball python corpse.
You barely miss the ball python.
You bite the ball python, but do no damage.
The ball python closely misses you. The ball python completely misses you.
You aren't carrying any potions.
Sorry, you're not good enough to have a special ability.
You hit the ball python.
The ball python is severely wounded.
The ball python bites you but does no damage.
The ball python grabs you. The ball python constricts you.
You barely miss the ball python.
The ball python is severely wounded.
The ball python completely misses you. The ball python constricts you.
You closely miss the ball python. Your bite misses the ball python.
The ball python is heavily wounded.
The ball python barely misses you. The ball python constricts you.
The ball python bites you.
You die...

##...........###..# #
##.............##..#
..#...............#..#
..................#..#######
..$...............#.........
..................#.........
..................##'#######
########.........#.†......#
#...@....##........#
#...S.#####........##
#..#†## #.......†.. #..#.#
#........## #..#.#
########### #..... #......
#...... .##### ....>..#
#.P.. #......# #####


You could see a ball python.

Vanquished Creatures
  A ball python (D:1)
  An endoplasm (D:1)
  A bat (D:1)
  A frilled lizard (D:1)
  A rat (D:1)
5 creatures vanquished.

Notes
Turn   | Place    | Note
-------+----------+-------------------------------------------
     0 | D:1      | croobank the Vine Stalker Hunter began the quest for the
                  | Orb.
     0 | D:1      | Reached XP level 1. HP: 11/11 MP: 2/2
   140 | D:1      | Slain by a ball python

Illustrated notes

Levels and vault maps discovered:
D:1:      onia_arrival_mini_maze, layout_rooms, kennysheep_small_spiral,
          kennysheep_doodads, minivault_27, dk_noncrumbling_2

Action                   || total
-------------------------++-------
Melee: Short sword       ||    20
       Bite              ||     5
 Fire: Hunting sling     ||     2
 Stab: Sleeping          ||     1
Armor: Leather armour    ||    11
Dodge: Dodged            ||    14
